 Dungeon Crawl Stone Soup version 0.21-a0-380-gd65dc97 (webtiles) character file.

2499 pichaelthompson the Skirmisher (level 9, 0/79 HPs)
             Began as a Demigod Skald on Oct 17, 2017.
             Slain by a hog (11 damage)
             ... on level 7 of the Dungeon.
             The game lasted 00:20:24 (8506 turns).

pichaelthompson the Skirmisher (Demigod Skald)      Turns: 8506, Time: 00:20:24

Health: 0/79       AC:  4    Str: 18    XL:     9   Next: 7%
Magic:  20/20      EV: 12    Int: 17    God:
Gold:   391        SH:  0    Dex: 17    Spells: 11/18 levels left

rFire    . . .     SeeInvis .   i - +2 spear (venom)
rCold    + . .     Gourm    .   (no shield)
rNeg     + . .     Faith    .   b - +0 leather armour
rPois    .         Spirit   .   (no helmet)
rElec    .         Reflect  .   q - scarf {cloud immunity}
rCorr    .         Harm     .   (no gloves)
MR       .....                  E - +0 pair of boots
Stlth    +.........             (no amulet)
HPRegen  0.23/turn              x - ring of positive energy
MPRegen  0.17/turn              u - ring of protection from cold

@: confused
A: high mp 1
a: no special abilities


You were on level 7 of the Dungeon.
You were not hungry.

You visited 1 branch of the dungeon, and saw 7 of its levels.

You collected 391 gold pieces.

Inventory:

Hand Weapons
 i - a +2 spear of venom (weapon)
Armour
 b - a +0 leather armour (worn)
 q - a scarf of cloud immunity (worn)
 E - a +0 pair of boots (worn)
Jewellery
 u - a ring of protection from cold (right hand)
 x - a ring of positive energy (left hand)
 B - an uncursed ring of resist corrosion
 H - an uncursed ring of stealth
Wands
 n - a wand of polymorph (9/24)
 F - a wand of acid (12/15)
Scrolls
 g - 5 scrolls of remove curse {unknown}
 h - 4 scrolls of teleportation {unknown}
 k - 2 scrolls of fog {unknown}
 m - 2 scrolls of magic mapping {unknown}
 o - a scroll of fear {unknown}
 s - 2 scrolls of identify
 t - 2 scrolls of blinking {unknown}
 v - 3 scrolls of amnesia {unknown}
 y - a scroll of recharging {unknown}
 A - a scroll of enchant weapon {unknown}
 D - a scroll of torment {unknown}
Potions
 e - 5 potions of curing
 j - a potion of haste
 l - a potion of magic
 p - a potion of lignification
 z - a potion of brilliance
 G - a potion of agility
Books
 c - a book of Battle

   Spells                             Type                      Level
   a - Infusion                       Charms                       1
   b - Shroud of Golubria             Charms/Translocation         2
   c - Song of Slaying                Charms                       2
   d - Spectral Weapon                Hexes/Charms                 3
   e - Regeneration                   Charms/Necromancy            3
 r - a book of Minor Magic

   Spells                             Type                      Level
   a - Magic Dart                     Conjuration                  1
   b - Blink                          Translocation                2
   c - Call Imp                       Summoning                    2
   d - Slow                           Hexes                        2
   e - Conjure Flame                  Conjuration/Fire             3
   f - Mephitic Cloud                 Conjuration/Poison/Air       3
 w - a book of Cantrips

   Spells                             Type                      Level
   a - Confusing Touch                Hexes                        1
   b - Animate Skeleton               Necromancy                   1
   c - Summon Small Mammal            Summoning                    1
   d - Apportation                    Translocation                1
Comestibles
 a - 2 meat rations
 d - 3 bread rations
 I - a royal jelly


   Skills:
 * Level 7.3 Fighting
   Level 1.7 Long Blades
 - Level 0.3 Polearms
 - Level 0.8 Armour
 - Level 1.7 Dodging
 * Level 5.1 Spellcasting
 * Level 4.1 Hexes
 + Level 5.1 Charms
 * Level 3.6 Necromancy


You had 11 spell levels left.
You knew the following spells:

 Your Spells              Type           Power        Failure   Level  Hunger
a - Infusion              Chrm           ###.         1%          1    None
b - Spectral Weapon       Hex/Chrm       ###.....     8%          3    ###....
c - Regeneration          Chrm/Necr      ###.......   9%          3    ###....


Dungeon Overview and Level Annotations

Branches:
Dungeon (7/15)             Temple (0/1) D:4


Innate Abilities, Weirdness & Mutations

You have an increased reservoir of magic. (+10% MP)


Message History

The hog looks as sick as possible!
The hog bites you but does no damage. The yak barely misses you.
The hog barely misses you.
You hit the hog but do no damage.
The hog looks as sick as possible!
The hog is moderately wounded.
Your spectral weapon closely misses the hog.
The yak barely misses you. The hog closely misses you. The yak gores you!
* * * LOW HITPOINT WARNING * * *
You hit the hog.
The hog looks as sick as possible!
The hog is moderately wounded.
Your spectral weapon hits the hog.
The hog bites your spectral weapon!
Your spectral weapon shares its damage with you!
Your spectral weapon fades away.
* * * LOW HITPOINT WARNING * * *
The yak gores you.
* * * LOW HITPOINT WARNING * * *
You are confused.
You feel invigorated.
The hog squeals angrily.
The hog bites you!
You die...

.#......# .#......#
.#......######
.............######
........####......#
........# #.####.#
..#####.########..#
......#.##%%..hY)h#
...#.##.##%....#@##
...#.##.####h#####
...#.##.##...Y
...#^...##....
...##########
.............
...########## ...#
##.#


You could see a yak and 2 hogs.

Vanquished Creatures
  Sigmund (D:4)
  Eustachio (D:5)
  A human (D:7)
  A hog (D:7)
  Edmund (D:4)
  2 sky beasts
  4 ogres
  A phantom (D:4)
  2 necrophages
  3 centaurs
  Blork the orc (D:6)
  A bullfrog (D:7)
  A scorpion (D:4)
  A wight (D:6)
  A bullfrog zombie (D:7)
  2 bullfrog skeletons
  2 orc priests (D:4)
  A hound (D:6)
  2 iguanas
  6 worker ants
  2 howler monkey skeletons
  10 adders
  4 worms
  A dart slug (D:1)
  6 leopard geckos
  5 orcs
  2 ball pythons
  4 bats
  2 giant cockroaches
  9 goblins
  7 hobgoblins
  9 jackals
  3 quokkas
  2 frilled lizards (D:2)
  2 jackal skeletons
  5 kobolds
  A quokka skeleton (D:6)
  8 rats
117 creatures vanquished.

Vanquished Creatures (others)
  3 spectral weapons
3 creatures vanquished.

Grand Total: 120 creatures vanquished

Notes
Turn   | Place    | Note
-------+----------+-------------------------------------------
     0 | D:1      | pichaelthompson the Demigod Skald began the quest for the Orb.
     0 | D:1      | Reached XP level 1. HP: 17/17 MP: 5/5
   115 | D:1      | Reached skill level 2 in Fighting
   121 | D:1      | Reached XP level 2. HP: 1/24 MP: 0/7
   853 | D:2      | HP: 1/24 [leopard gecko (1)]
  1136 | D:2      | Reached XP level 3. HP: 24/29 MP: 8/8
  1144 | D:2      | Learned a level 3 spell: Spectral Weapon
  1160 | D:2      | Found an iron altar of Okawaru.
  2053 | D:3      | Reached XP level 4. HP: 35/37 MP: 10/10
  2059 | D:3      | Learned a level 3 spell: Regeneration
  2682 | D:3      | Reached skill level 1 in Hexes
  3045 | D:3      | Reached skill level 3 in Fighting
  3247 | D:4      | Noticed a phantom
  3278 | D:4      | Killed a phantom
  3278 | D:4      | Reached XP level 5. HP: 29/45 MP: 6/11
  3327 | D:4      | Reached skill level 1 in Necromancy
  3534 | D:4      | Noticed Edmund
  3550 | D:4      | Killed Edmund
  3550 | D:4      | Reached skill level 4 in Fighting
  3550 | D:4      | Reached XP level 6. HP: 35/52 MP: 11/13
  3612 | D:4      | Found a staircase to the Ecumenical Temple.
  4173 | D:4      | Noticed Sigmund
  4189 | D:4      | Killed Sigmund
  4189 | D:4      | Reached skill level 5 in Fighting
  4189 | D:4      | Reached XP level 7. HP: 34/61 MP: 11/15
  4339 | D:4      | Found an iron altar of Okawaru.
  4974 | D:5      | Entered Level 5 of the Dungeon
  5313 | D:5      | Found a sparkling altar of Nemelex Xobeh.
  5850 | D:5      | Found a stormy altar of Qazlal.
  5922 | D:6      | Noticed Eustachio
  5922 | D:6      | Noticed Blork the orc
  5936 | D:5      | Killed Eustachio
  5936 | D:5      | Reached skill level 6 in Fighting
  5936 | D:5      | Reached XP level 8. HP: 50/69 MP: 15/17
  6136 | D:6      | Killed Blork the orc
  6552 | D:6      | HP: 2/70 [ogre/giant club (11)]
  7600 | D:7      | Reached skill level 7 in Fighting
  8153 | D:7      | Reached skill level 5 in Charms
  8495 | D:7      | Reached skill level 5 in Spellcasting
  8495 | D:7      | Reached XP level 9. HP: 49/75 MP: 17/20
  8506 | D:7      | Slain by a hog

Vault maps used:
D:1:      ncdulo_smallfort, minmay_tetromino_i4
D:2:      okawaru_trees_1
D:3:      first_bread
D:4:      lemuel_coloured_pillars_altar, minmay_temple_entry_glass,
          minmay_liquid_box, uniq_edmund, uniq_sigmund
D:5:      grunt_qazlal_sundering, overflow_temple_1_default
D:6:      eino_tiny_chamber, uniq_eustachio, uniq_blork_the_orc
D:7:      minitemple, grunt_livestock, serial_park_tiny_2

Skill      XL: |  1  2  3  4  5  6  7  8 |
---------------+-------------------------+-----
Fighting       | 2 3 4 5 6 7 |  7.3
Spellcasting   | 2 3 4 5 |  5.1
Charms         | 3 4 5 |  5.1
Hexes          | 1 2 4 |  4.1
Necromancy     | 1 2 3 |  3.6
Long Blades    | |  1.7
Polearms       | |  0.3
Armour         | |  0.8
Dodging        | |  1.7

Action                   |  1- 3 |  4- 6 |  7- 9 || total
-------------------------+-------+-------+-------++-------
Melee: Falchion          |    19 |       |       ||    19
       Spear             |    90 |   128 |   189 ||   407
 Cast: Infusion          |     5 |     3 |       ||     8
       Spectral Weapon   |       |     5 |    13 ||    18
  Use: Scroll            |       |       |     9 ||     9
       Potion            |       |       |     2 ||     2
 Stab: Sleeping          |       |     1 |       ||     1
       Distracted        |       |     1 |       ||     1
  Eat: Chunk             |     4 |     7 |     9 ||    20
       Royal jelly       |       |       |     2 ||     2
       Fruit             |       |       |     2 ||     2
Armor: Leather armour    |    30 |    21 |    32 ||    83
Dodge: Dodged            |    67 |    76 |   103 ||   246
       Rpst.: Falchion   |    10 |       |       ||    10

Table legend:
 A = Spawn XP
 B = Non-spawn XP
 C = Spawn XP percentage of total XP
 D = Spawn monster count
 E = Non-spawn monster count
 F = Spawn count percentage of total count
 G = Total turns spent on level
                    A         B        C        D         E        F      G
               +---------+---------+-------+---------+---------+-------+---------
         Total |       0 |    3570 |   0.0 |       0 |     117 |   0.0 |  8506
               +---------+---------+-------+---------+---------+-------+---------
           D:1 |       0 |      34 |   0.0 |       0 |      17 |   0.0 |  1028
           D:2 |       0 |      67 |   0.0 |       0 |      26 |   0.0 |   986
           D:3 |       0 |      84 |   0.0 |       0 |      20 |   0.0 |  1159
           D:4 |       0 |     973 |   0.0 |       0 |      21 |   0.0 |  1801
           D:5 |       0 |     710 |   0.0 |       0 |      11 |   0.0 |  1077
           D:6 |       0 |     872 |   0.0 |       0 |      13 |   0.0 |  1909
           D:7 |       0 |     830 |   0.0 |       0 |       9 |   0.0 |   546
               +---------+---------+-------+---------+---------+-------+---------
